 Dungeon Crawl Stone Soup version 0.29.1-1-gd02db6906a (webtiles) character file.

Game seed: 2153255442355509201

1405 hawla the Arsonist (level 9, -4/67 HPs)
             Began as a Meteoran Fire Elementalist on Oct 22, 2022.
             Was a Follower of Vehumet.
             Slain by a vampire (12 damage)
             ... on level 6 of the Dungeon.
             The game lasted 00:17:20 (3548 turns).

hawla the Arsonist (Meteoran Fire Elementalist)     Turns: 3548, Time: 00:17:21

Health: -4/67      AC:  4    Str: 15    XL:     9   Next: 21%
Magic:  2/19       EV: 13    Int: 20    God:    Vehumet [*.....]
Gold:   287        SH:  0    Dex: 19    Spells: 13/20 levels left

rFire   . . .      SeeInvis .   x - +5 war axe "Earthworm" {speed, rC++ Will+ Stlth+}
rCold   + + .      Faith    .   (no shield)
rNeg    . . .      Spirit   .   a - +0 robe
rPois   .          Reflect  .   y - +0 helmet
rElec   .          Harm     .   (no cloak)
rCorr   .          Rampage  .   g - +0 pair of gloves
Will    ++...                   (no boots)
Stlth   ++........              (no amulet)
HPRegen 0.21/turn               u - +6 ring of dexterity
MPRegen 0.16/turn               (no ring)

@: glowing, studying Fighting
A: sense surroundings 2, otherworldly, glowing, explore regen, strong 1, no
potion heal 1
a: Renounce Religion


You were on level 6 of the Dungeon.
You worshipped Vehumet.
Vehumet was aware of your devotion.
You visited 2 branches of the dungeon, and saw 7 of its levels.

You collected 1244 gold pieces.
You spent 957 gold pieces at shops.

Inventory:

Hand Weapons
 t - a +0 quarterstaff
 x - the +5 war axe "Earthworm" (weapon) {speed, rC++ Will+ Stlth+}
   (You bought it in a shop on level 5 of the Dungeon)

   Attacks with this weapon are significantly faster.
   rC:        It greatly protects you from cold.
   Will:      It increases your willpower.
   Stlth:     It makes you more stealthy.
Armour
 a - a +0 robe (worn)
 g - a +0 pair of gloves (worn)
 y - a +0 helmet (worn)
Magical Staves
 r - a staff of conjuration
Jewellery
 u - a +6 ring of dexterity (left hand)
Wands
 A - a wand of flame (6)
Scrolls
 d - a scroll of butterflies
 e - 2 scrolls of magic mapping {unknown}
 f - 2 scrolls of immolation
 i - a scroll of vulnerability {unknown}
 k - a scroll of acquirement
 m - a scroll of enchant armour {unknown}
 o - a scroll of amnesia
 p - a scroll of blinking {unknown}
 q - a scroll of torment {unknown}
 s - 4 scrolls of teleportation {unknown}
 w - a scroll of summoning {unknown}
Potions
 b - a potion of magic
 c - 2 potions of berserk rage {unknown}
 h - a potion of cancellation
 j - a potion of haste
 l - a potion of ambrosia {unknown}
 n - 4 potions of curing {unknown}
 v - 2 potions of invisibility {unknown}
 z - a potion of mutation


   Skills:
 + Level 2.1 Fighting
 + Level 0.2 Axes
 + Level 1.3 Staves
 + Level 3.2 Dodging
 - Level 1.4 Stealth
 + Level 6.0 Spellcasting
 + Level 5.4 Conjurations
 + Level 9.6 Fire Magic
 + Level 2.0 Evocations


You had 13 spell levels left.
You knew the following spells:

 Your Spells              Type           Power      Damage    Failure   Level
a - Foxfire               Conj/Fire      100%       2x1d9     1%          1
b - Scorch                Fire           88%        2d9       1%          2
c - Flame Wave            Conj/Fire      36%        2d10      4%          4

Your spell library contained the following spells:

 Spells                   Type           Power      Damage    Failure   Level
 Freeze                   Ice            24%        1d5       11%         1
 Conjure Flame            Conj/Fire      36%        6-21      1%          3
 Inner Flame              Hex/Fire       25%        N/A       4%          3
 Ignite Poison            Fire/Tmut/Pois 18%        N/A       9%          3
 Mephitic Cloud           Conj/Pois/Air  13%        N/A       14%         3
 Portal Projectile        Hex/Tloc       12%        N/A       30%         3
 Tukima's Dance           Hex            6%         N/A       30%         3
 Freezing Cloud           Conj/Ice/Air   6%         6-21      80%         5
 Blade Hands              Tmut           3%         N/A       96%         5


Dungeon Overview and Level Annotations

Branches:
Dungeon (6/15) Zot: 284    Temple (1/1) D:4 Zot: 564

Altars:
Ashenzari
Cheibriados
Dithmenos
Elyvilon
Fedhas
Gozag
Hepliaklqana
Kikubaaqudgha
Makhleb
Nemelex Xobeh
Okawaru
Qazlal
Ru
Trog
Uskayaw
Vehumet
Xom
Yredelemnul
Zin

Shops:
D:5 (


Innate Abilities, Weirdness & Mutations

You passively map the area around you.
You are easily found by Zot.
You glow in the dark.
You regain HP and MP as you explore.
Your muscles are strong. (Str +4, Int/Dex -1)
Potions are less effective at restoring your health.


Message History

The vampire hits you! The vampire barely misses you.
You closely miss the vampire.
The vampire is moderately damaged.
The vampire hits you. The vampire bites you.
The vampire draws strength from your injuries!
Casting: Foxfire (safe; 1% risk of failure)
Confirm with . or Enter, or press ? or * to list all spells.
Flames lash the vampire.
The vampire is moderately damaged.
The vampire's fire resistance burns away.
The vampire hits you but does no damage.
The vampire closely misses you.
Casting: Scorch (safe; 1% risk of failure)
Confirm with . or Enter, or press ? or * to list all spells.
Casting: Flame Wave (dangerous; 4% risk of failure)
Press: ? - help, Dir - look around, f - activate A wave of flame ripples out!
The flame wave engulfs the vampire but does no damage.
The vampire is moderately damaged. (Press . to intensify the flame waves.)
The vampire hits you!
* * * LOW HITPOINT WARNING * * *
The vampire closely misses you.
A wave of flame ripples out!
The flame wave engulfs the vampire!
The vampire is burned terribly!
The vampire is heavily damaged.
The vampire hits you.
* * * LOW HITPOINT WARNING * * *
The vampire bites you!
* * * LOW HITPOINT WARNING * * *
The vampire draws strength from your injuries!
Okay, then.
As you read the scroll labelled FIRREUCWOAST, it crumbles to dust.
It is a scroll of amnesia.
Really abort (and waste the scroll)?
Okay, then.
The vampire is no longer more vulnerable to fire.
The vampire hits you but does no damage.
The vampire bites you!
You die...

, * #......# , ,,
* * , ######.# *
,, #.# ,, *, , *
#)# , , , , ** #.#
,, , ,, ,
..######.# , , *
,, ,.........# ,
,,* *
#.#####..###.#...
, ........@V......
, * **
######......#...,,
#.###### #.# * * *
#.# ** * * * #.. ,
## *


You could see a vampire.

Vanquished Creatures
  Grinder (D:4)
  A steam dragon (D:6)
  An ogre (D:5)
  A necrophage (D:5)
  2 scorpions
  6 killer bees (D:6)
  3 hounds
  4 orc priests
  3 iguanas
  2 orc wizards (D:6)
  Robin (D:4)
  4 gnolls (D:3)
  2 adders
  An ufetubus (D:5)
  4 worms
  5 dart slugs
  16 orcs
  6 ball pythons
  10 endoplasms
  2 giant cockroaches (D:3)
  11 goblins
  9 hobgoblins
  3 jackals (D:2)
  5 kobolds
  5 quokkas
  5 bats
  2 frilled lizards
  5 rats
120 creatures vanquished.

Vanquished Creatures (others)
  215 foxfires
215 creatures vanquished.

Grand Total: 335 creatures vanquished

Notes
Turn   | Place    | Note
-------+----------+-------------------------------------------
     0 | D:1      | hawla the Meteoran Fire Elementalist began the quest for
                  | the Orb.
     0 | D:1      | Reached XP level 1. HP: 14/14 MP: 5/5
   144 | D:1      | Reached skill level 4 in Fire Magic
   144 | D:1      | Reached XP level 2. HP: 12/20 MP: 3/6
   233 | D:1      | Learned a level 2 spell: Scorch
   485 | D:1      | Reached XP level 3. HP: 26/26 MP: 0/8
   500 | D:1      | Glimpsed the power of Zot.
   550 | D:1      | Glimpsed the power of Zot.
   590 | D:1      | Glimpsed the power of Zot.
   599 | D:1      | Touched by the power of Zot.
   634 | D:2      | Gained mutation: Your muscles are strong. (Str +4, Int/Dex
                  | -1) [potion of mutation]
   634 | D:2      | Gained mutation: Potions are less effective at restoring
                  | your health. [potion of mutation]
  1191 | D:2      | Reached XP level 4. HP: 25/26 MP: 5/9
  1300 | D:2      | Glimpsed the power of Zot.
  1335 | D:3      | Learned a level 4 spell: Flame Wave
  1344 | D:3      | Reached skill level 5 in Fire Magic
  1383 | D:3      | Found a snail-covered altar of Cheibriados.
  1526 | D:3      | Reached XP level 5. HP: 33/34 MP: 8/11
  1900 | D:3      | Glimpsed the power of Zot.
  1957 | D:4      | Found a staircase to the Ecumenical Temple.
  1961 | Temple   | Entered the Ecumenical Temple
  2018 | D:4      | Reached skill level 6 in Fire Magic
  2018 | D:4      | Reached XP level 6. HP: 34/45 MP: 7/12
  2057 | D:4      | Found a shadowy altar of Dithmenos.
  2095 | D:4      | Found a burning altar of Makhleb.
  2296 | D:4      | Noticed Grinder
  2303 | D:4      | Killed Grinder
  2304 | D:4      | Reached skill level 8 in Fire Magic
  2304 | D:4      | Reached XP level 7. HP: 40/50 MP: 2/13
  2382 | D:4      | Noticed Robin
  2391 | D:4      | Killed Robin
  2392 | D:4      | Reached skill level 1 in Evocations
  2534 | D:4      | Glimpsed the power of Zot.
  2558 | D:5      | Entered Level 5 of the Dungeon
  2639 | D:5      | Reached XP level 8. HP: 18/58 MP: 7/14
  2739 | D:5      | Reached skill level 1 in Fighting
  2849 | D:5      | Found Kuuts's Weapon Boutique.
  2885 | D:5      | Found a shimmering altar of Xom.
  2887 | D:5      | Found a basalt altar of Yredelemnul.
  2890 | D:5      | Found a sparkling altar of Nemelex Xobeh.
  2891 | D:5      | Found an ancient bone altar of Kikubaaqudgha.
  2892 | D:5      | Found a radiant altar of Vehumet.
  2893 | D:5      | Found a hide-covered altar of Uskayaw.
  2896 | D:5      | Became a worshipper of Vehumet
  2898 | D:5      | Found a bloodstained altar of Trog.
  2899 | D:5      | Found an opulent altar of Gozag.
  2900 | D:5      | Found a hazy altar of Hepliaklqana.
  3133 | D:5      | Glimpsed the power of Zot.
  3160 | D:6      | Identified 2 scrolls of acquirement
  3160 | D:6      | Acquired 966 gold pieces
  3216 | D:5      | Bought the +5 war axe "Earthworm" {speed, rC++ Will+
                  | Stlth+} for 957 gold pieces
  3233 | D:6      | Reached skill level 1 in Staves
  3279 | D:6      | Reached skill level 5 in Spellcasting
  3279 | D:6      | Reached skill level 5 in Conjurations
  3279 | D:6      | Reached skill level 9 in Fire Magic
  3390 | D:6      | Reached * piety under Vehumet
  3390 | D:6      | Offered knowledge of Freeze by Vehumet.
  3427 | D:6      | Gained mutation: You passively map the area around you.
                  | [Meteoran growth]
  3427 | D:6      | Reached XP level 9. HP: 54/67 MP: 12/18
  3548 | D:6      | Slain by a vampire

Illustrated notes

Levels and vault maps discovered:
D:1:      minmay_arrival_wavy_path, layout_basic
D:2:      kennysheep_big_flooded_room, layout_loops_ring,
          kennysheep_generic_room_12
D:3:      layout_basic, mainiacjoe_overflow_cross_hatched
D:4:      layout_basic, nicolae_dithmenos_through_a_glass_darkly,
          mainiacjoe_overflow_catwalk, minmay_temple_entry_glassed_door,
          uniq_grinder, uniq_robin
D:5:      layout_basic, minitemple, serial_shops, nicolae_shop_trees
D:6:      layout_loops_ring, mainiacjoe_overflow_chevrons
Temple:   nicolae_temple_little_seven

Skill      XL: |  1  2  3  4  5  6  7  8  9 |
---------------+----------------------------+-----
Fire Magic     | 4 5 6 8 9 |  9.6
Spellcasting   | 3 5 6 |  6.0
Conjurations   | 2 3 4 5 |  5.4
Evocations     | 2 |  2.0
Fighting       | 2 |  2.1
Staves         | 1 |  1.3
Dodging        | 3 |  3.2
Axes           | |  0.2
Stealth        | |  1.4

Action                   |  1- 3 |  4- 6 |  7- 9 || total
-------------------------+-------+-------+-------++-------
Melee: Unarmed           |     7 |     2 |       ||     9
       Staff             |       |     5 |    20 ||    25
       War axe           |       |       |     4 ||     4
 Cast: Foxfire           |    43 |    56 |    32 ||   131
       Scorch            |    10 |    25 |    25 ||    60
       Flame Wave        |       |     1 |     8 ||     9
  Use: Scroll            |     4 |     2 |     3 ||     9
       Potion            |     1 |       |       ||     1
Armor: Robe              |    13 |     7 |    12 ||    32
Dodge: Dodged            |    15 |     6 |    38 ||    59
